Unix NetHack Version 3.7.0-71 Work-in-progress - last build Jan 31 2023 02:41:03 (7ba98a1283f2b7cec35fde026edb48fc825ab8ae,branch:master). Game began 2023-02-06 14:12:24, ended 2023-02-06 16:43:49. xororand, chaotic male human Wizard --------- |.%))%... # #..()%%(.| # |...... ##%#------+-- # |....... ## # |).^.....| ## # |).......-## # - -(-- ---- # ## ###### # # # ####q@# # # # | ---------.-- ## # .. |..........| # # .... |.....^...%.######## # ....| |..........| # ------------# . ..| |..........| # |..........|# ------ ------------ ###.....>......# ------------ Xororand the Thaumaturge St:14 Dx:14 Co:13 In:16 Wi:15 Ch:10 Chaotic S:16211 Dlvl:10 $:61 HP:0(77) Pw:11(106) AC:6 Xp:9/3389 T:9881 Fainted Deaf Latest messages: The door resists! The door resists! The door opens. You hit the gnome queen. The gnome queen swings her bow. The gnome queen hits! In what direction? h The magic missile hits the gnome queen! The magic missile bounces! The gnome queen swings her bow. The gnome queen hits! In what direction? h The spell hits the gnome queen! The gnome queen swings her bow. The gnome queen hits! You kill the gnome queen! There are several objects here. W - a white gem. What do you want to eat? [t or ?*] ? What do you want to eat? [t or ?*] Never mind. You descend the stairs. You receive a faint telepathic message from Neferet the Green: Your help is urgently needed at the Lonely Tower! Look for a ...ic transporter. You couldn't quite make out that last message. Wizard needs food, badly! You climb up the stairs. Where do you want to travel to? (For instructions type a '?') You climb up the stairs. Where do you want to travel to? (For instructions type a '?') Can't find dungeon feature '_'. You faint from lack of food. The leocrotta hits! The leocrotta bites! The leocrotta hits! The leocrotta hits! The leocrotta bites! The leocrotta hits! The leocrotta hits! The leocrotta bites! The leocrotta hits! You die... Do you want your possessions identified? [ynq] (y) n Do you want to see your attributes? [ynq] (y) n Do you want an account of creatures vanquished? [ynaq] (y) n Do you want to see your conduct and achievements? [ynq] (y) n Do you want to see the dungeon overview? [ynq] (y) n Inventory: Coins $ - 61 gold pieces Amulets y - an uncursed amulet of ESP U - an uncursed amulet versus poison Weapons P - a +0 orcish dagger (weapon in hand) Armor w - an uncursed +0 dwarvish iron helm (being worn) v - an uncursed +0 pair of leather gloves (being worn) b - an uncursed +0 cloak of magic resistance (being worn) Comestibles t - an uncursed tripe ration Spellbooks S - a blessed spellbook of force bolt T - an uncursed spellbook of teleport away Potions V - an uncursed potion of hallucination Q - an uncursed potion of levitation Rings d - an uncursed +1 ring of increase accuracy (on left hand) e - an uncursed ring of invisibility Wands c - a wand of cold (0:0) O - a blessed wand of digging (0:4) F - a wand of digging (0:0) Tools x - an uncursed bag of holding containing 18 items p - an empty uncursed sack D - an empty uncursed sack a - a bag of tricks (0:6) R - a magic marker (0:41) Z - an uncursed oil lamp k - an uncursed skeleton key M - an uncursed tin whistle z - a +0 unicorn horn u - an uncursed wax candle Gems/Stones B - an uncursed dilithium crystal C - an uncursed worthless piece of blue glass i - an uncursed worthless piece of red glass s - an uncursed worthless piece of violet glass N - an uncursed worthless piece of violet glass L - 6 uncursed worthless pieces of white glass W - an uncursed worthless piece of white glass Contents of the bag of holding: 2024 gold pieces an uncursed candy bar labeled "Choco Nummer" 2 uncursed food rations a cursed scroll of enchant armor an uncursed scroll of enchant armor an uncursed scroll of light 2 uncursed scrolls of identify a blessed scroll of identify 4 uncursed scrolls of blank paper a blessed scroll of blank paper 2 uncursed scrolls of create monster a blessed scroll of destroy armor an uncursed scroll of destroy armor 2 uncursed scrolls of destroy armor an uncursed scroll of earth an uncursed potion of blindness a blessed potion of sleeping an uncursed potion of water Xororand the Wizard's attributes: Background: You were a Thaumaturge, a level 9 male human Wizard. You were chaotic, on a mission for Anhur who was opposed by Ptah (lawful) and Thoth (neutral). You were in the Dungeons of Doom, on level 10. You entered the dungeon 9881 turns ago. There was a full moon in effect when your adventure ended. You had 3389 experience points, 1731 more were needed to attain level 10. Your score was 16211 before end-of-game adjustments. Basics: You had 0 out of 77 hit points. You had 11 out of 106 energy points (spell power). Your armor class was 6. Your wallet contained 61 zorkmids, and you had 2024 more stashed away in your pack. Autopickup was off. Final Characteristics: Your strength was 14 (base:15, limit:18/100). Your dexterity was 14 (limit:18). Your constitution was 13 (limit:18). Your intelligence was 16 (limit:18). Your wisdom was 15 (limit:18). Your charisma was 10 (limit:18). Final Status: You were deaf. You were fainted due to starvation. You were unencumbered. You were wielding a dagger. You had expert skill with dagger. Final Attributes: You were piously aligned. You were magic-protected. You saw invisible. You were telepathic. You had a small bonus to hit (+1). You were warded. You were lucky. You are dead. Miscellaneous: You encountered 1 bones level. Total elapsed playing time was 55 minutes and 50 seconds. Major events: Turn 1: xororand the chaotic male human Wizard entered the dungeon 913: attained the rank of Conjurer (level 3) 1416: entered the Gnomish Mines 2034: attained the rank of Thaumaturge (level 6) 2637: reached Mine Town 6819: entered Sokoban 9881: killed by a leocrotta, while fainted from lack of food Vanquished creatures: a giant zombie a warg a pyrolisk a tiger a mountain centaur a human mummy an ettin zombie a crocodile a giant beetle 16 leprechauns an iron piercer 2 giant spiders a vampire bat 2 gnome rulers an orc mummy a dwarf mummy 2 owlbears a yeti a gold golem a lizard 2 jaguars a dwarf leader a gray unicorn 2 dust vortices a raven a plains centaur 2 rope golems a soldier ant 11 bugbears a water nymph 9 Mordor orcs 4 Uruk-hai a rock mole a fog cloud a yellow light a shrieker 2 violet fungi 5 gnome leaders 2 gnomish wizards 2 kobold mummies a black naga hatchling a gray ooze 2 elf zombies a paper golem 3 giant ants a little dog 2 floating eyes a kitten 7 dwarves a kobold leader 8 hill orcs 8 rothes 2 giant bats a monkey an orc zombie a dwarf zombie 2 werejackals 2 iguanas 4 killer bees 2 acid blobs 3 hobbits 10 hobgoblins 4 giant rats 3 cave spiders a brown mold a yellow mold 32 gnomes 5 gnome zombies 3 geckos 14 jackals 3 kobolds 5 goblins 6 sewer rats 10 grid bugs 4 lichens 9 newts 253 creatures vanquished. No species were genocided or became extinct. Voluntary challenges: You read items or engraved 43 times. You engraved Elbereth 29 times. You never genocided any monsters. You never polymorphed an object. You never changed form. You used no wishes. You did not violate any of the special Sokoban rules. Achievements: You entered a shop. You attained the rank of Conjurer. You entered the Gnomish Mines. You attained the rank of Thaumaturge. You entered Minetown. You entered a temple. You entered Sokoban. The Dungeons of Doom: levels 1 to 12 Level 1: Level 2: A general store, a fountain. Level 3: An altar, some fountains. Stairs down to The Gnomish Mines. Level 4: A fountain. Level 5: Many fountains. Level 6: A fountain. Stairs up to Sokoban, level 5. Level 7: Level 8: A fountain. Level 9: A throne, a grave. Level 10: <- You were here. Final resting place for you, killed by a leocrotta, while fainted from lack of food, nabru-Wiz-Elf-Fem-Cha, killed by a warg. Level 11: A fountain. Level 12: Summoned by Neferet the Green. The Gnomish Mines: levels 4 to 7 Level 4: Level 5: Level 6: Level 7: Many shops, a temple, some fountains. Sokoban: Level 5: Unsolved. Game over: ---------- / \ / REST \ / IN \ / PEACE \ / \ | xororand | | 2085 Au | | killed by a | | leocrotta | | | | | | 2023 | *| * * * | * _________)/\\_//(\/(/\)/\//\/|_)_______ Goodbye xororand the Wizard... You died in The Dungeons of Doom on dungeon level 10 with 16003 points, and 2085 pieces of gold, after 9881 moves. You were level 9 with a maximum of 77 hit points when you died.